 Dungeon Crawl Stone Soup version 0.19.3-4-gbf9329e (webtiles) character file.

16449 empire the Blocker (level 12, -6/166 HPs)
             Began as a Minotaur Fighter on Jan 27, 2017.
             Was a Believer of Nemelex Xobeh.
             Killed from afar by a white draconian (25 damage)
             ... with a chilling blast
             ... in an ice cave.
             The game lasted 00:35:38 (11462 turns).

empire the Blocker (Minotaur Fighter)              Turns: 11462, Time: 00:35:39

Health: -6/166     AC: 26    Str: 21    XL:     12   Next: 10%
Magic:  23/23      EV:  2    Int:  5    God:    Nemelex Xobeh [**....]
Gold:   1069       SH: 13    Dex: 13    Spells: 0 memorised, 11 levels left

rFire  . . .     SeeInvis .     b - +0 scimitar
rCold  . . .     Gourm    .     (armour currently unavailable)
rNeg   + + +     Faith    +     c - +0 shield
rPois  +         Spirit   .     (helmet unavailable)
rElec  .         Reflect  .     (cloak currently unavailable)
rCorr  +         Harm     .     (gloves currently unavailable)
MR     .....     Clarity  +     (boots currently unavailable)
Stlth  +......... NoTele   +    t - amulet of faith
                                O - ring of resist corrosion
                                m - ring of magical power

@: tree-form (expiring)
A: (retaliatory headbutt), (beak), (horns 0), blurry vision 1, clarity, (poison
resistance), weak 1, wild magic 1
a: Renounce Religion


You were in an ice cave.
You worshipped Nemelex Xobeh.
Nemelex Xobeh was pleased with you.
You were not hungry.
You were a tree.
You visited 2 branches of the dungeon, and saw 12 of its levels.
You also visited: Ossuary and Ice Cave.

You collected 1069 gold pieces.

Inventory:

Hand Weapons
 b - a +0 scimitar (weapon)
 o - a +2 battleaxe of freezing
 p - a +0 halberd of chopping
 v - a cursed -1 short sword
Missiles
 x - 2 tomahawks of returning (quivered)
Armour
 a - +0 steam dragon scales
 c - a +0 shield (worn)
 d - the +5 ring mail of the Republic (melded) {rF++}
   (You found it on level 8 of the Dungeon)

   It greatly protects you from fire.
 z - a +2 cloak of poison resistance (melded)
 E - a +0 pair of boots (melded)
 G - a +0 pair of gloves (melded)
Jewellery
 m - a ring of magical power (left branch)
 s - an uncursed ring of protection from fire {unknown}
 t - an amulet of faith (around neck)
 O - a ring of resist corrosion (right branch)
Scrolls
 j - 4 scrolls of remove curse
 l - 4 scrolls of teleportation
 r - 2 scrolls of blinking
 u - a scroll of amnesia {unknown}
 B - a scroll of noise
 C - 2 scrolls of fear
 L - a scroll of enchant weapon {unknown}
 P - a scroll of vulnerability {unknown}
 U - a scroll of enchant armour {unknown}
Potions
 e - a potion of flight
 w - a potion of lignification
 A - 2 potions of curing
 J - a potion of brilliance
Books
 y - a book of Frost

   Spells                             Type                      Level
   a - Freeze                         Ice                          1
   b - Throw Frost                    Conjuration/Ice              2
   c - Ozocubu's Armour               Charms/Ice                   3
   d - Throw Icicle                   Conjuration/Ice              4
   e - Summon Ice Beast               Ice/Summoning                4
Miscellaneous
 n - a lamp of fire (inert)
 T - a lamp of fire (inert)
Comestibles
 f - 5 bread rations
 g - 6 beef jerkies
 h - 4 meat rations
 i - 10 royal jellies
 k - 5 fruits


   Skills:
 + Level 11.7 Fighting
 + Level 11.3 Long Blades
 + Level 11.7 Armour
 + Level 11.8 Shields
 - Level 4.0 Invocations
 + Level 4.1 Evocations


You had 11 spell levels left.
You didn't know any spells.

Dungeon Overview and Level Annotations

Branches:
Dungeon (11/15)            Temple (1/1) D:6            Lair (0/6) D:8
    Orc (0/2) D:11

Altars:
Ashenzari
Cheibriados
Dithmenos
Elyvilon
Fedhas
Gozag
Hepliaklqana
Kikubaaqudgha
Makhleb
Nemelex Xobeh
Okawaru
Qazlal
Ru
Sif Muna
Trog
Uskayaw
Vehumet
Xom
Yredelemnul
Zin
The Shining One

Shops:
D:5 [

Portals:
Trove: D:11 (give 7 potions of agility)

Annotations:
IceCv exclusion: ice statue


Innate Abilities, Weirdness & Mutations

((You reflexively headbutt those who attack you in melee.))
((You have a pair of large horns on your head.))
((You have a beak for a mouth.))
Scrolls take you a little longer to read.
You possess an exceptional clarity of mind.
((Your system is resistant to poisons. (rPois)))
You are weak. (Str -2)
Your spells are a little harder to cast, but a little more powerful.


Message History

You kill the yak!
You block the yak's attack. You block the white draconian's attack.
The yak gores you but does no damage.
You closely miss the yak.
The yak gores you but does no damage. x2
You block the white draconian's attack.
You slash the yak!
The yak is heavily wounded.
You block the yak's attack. The yak gores you.
* * * LOW HITPOINT WARNING * * *
You barely miss the yak.
The yak is heavily wounded.
The white draconian hits you but does no damage.
The yak gores you.
* * * LOW HITPOINT WARNING * * *
You block the yak's attack.
You feel better. The yak gores you but does no damage.
The white draconian breathes frost at you.
The chilling blast hits you!
You die...
Your body glows slightly and disappears.

#....### ##≈≈##
..#### #≈≈≈##.##
### ##≈≈≈#...##
##≈≈≈##....#
##≈≈≈##.....##
#≈≈≈≈#........
####≈≈###........
#≈≈≈≈≈##.Yd......
##≈≈≈≈#..♣Yh.....
###≈≈#..†###....
#≈≈#..##.## .
#≈≈#..#...## ###
#≈≈#..#..).#
##.##
#≈≈#.......#
..#.#
#≈≈#......##
.#..# #≈≈#......#
.##.##
#≈≈#.....##


You could see a white draconian, a polar bear and 2 yaks.

Vanquished Creatures
  A vault guard (D:11)
  A centaur warrior (D:8)
  2 hill giants
  An ugly thing (D:11)
  A manticore (D:8)
  Joseph (D:7)
  A rime drake (D:11)
  11 polar bears
  A two-headed ogre (D:9)
  Prince Ribbit (D:6)
  3 hornets (D:9)
  A hippogriff (D:8)
  17 yaks
  A wyvern (D:9)
  A steam dragon (D:9)
  A hungry ghost (D:7)
  5 porcupines (D:8)
  3 orc warriors
  2 sky beasts
  2 black bears (D:9)
  4 phantoms
  A necrophage (D:9)
  7 wolves
  3 ogres
  6 centaurs
  3 crocodiles (D:8)
  A big kobold (D:11)
  4 bullfrogs
  A gnoll sergeant (D:5)
  6 water moccasin zombies (Ossuary)
  2 scorpions
  11 killer bees
  A wight (D:8)
  10 crimson imps
  3 hounds
  2 jellies
  6 orc priests
  2 orc wizards
  3 bullfrog skeletons
  2 centaur skeletons (D:8)
  5 iguanas
  13 worker ants
  3 big kobold zombies (Ossuary)
  A hound zombie (D:10)
  A hound skeleton (D:6)
  2 mummies (Ossuary)
  A howler monkey skeleton (D:10)
  10 gnolls
  20 adders
  4 river rats (D:8)
  7 shadow imps
  2 oozes
  2 adder skeletons (D:4)
  9 adder zombies
  2 worms
  A dart slug (D:5)
  7 leopard geckos
  28 orcs
  9 giant cockroaches
  2 goblins (D:1)
  4 hobgoblins
  7 jackals (D:3)
  7 kobolds
  6 quokkas
  3 ball pythons
  5 bats
  6 frilled lizards
  3 gnoll zombies (Ossuary)
  12 hobgoblin zombies (Ossuary)
  5 kobold zombies (Ossuary)
  5 orc zombies (Ossuary)
  12 rats
  A fungus (D:8)
340 creatures vanquished.

Vanquished Creatures (collateral kills)
  A yak (IceCv)
  2 wolves (IceCv)
3 creatures vanquished.

Grand Total: 343 creatures vanquished

Notes
Turn   | Place    | Note
-------+----------+-------------------------------------------
     0 | D:1      | empire the Minotaur Fighter began the quest for the Orb.
     0 | D:1      | Reached XP level 1. HP: 19/19 MP: 0/0
   154 | D:1      | Reached XP level 2. HP: 26/27 MP: 1/1
   595 | D:1      | You fall through a shaft!
   630 | D:2      | Reached XP level 3. HP: 28/33 MP: 2/2
   762 | D:2      | Found a glowing golden altar of the Shining One.
  1013 | D:2      | Reached XP level 4. HP: 40/40 MP: 3/3
  1535 | D:3      | Found a sacrificial altar of Ru.
  1580 | D:3      | Reached XP level 5. HP: 41/47 MP: 4/4
  1735 | D:3      | Reached skill level 5 in Armour
  1803 | D:3      | Found a radiant altar of Vehumet.
  1803 | D:3      | Found a hide-covered altar of Uskayaw.
  1804 | D:3      | Found an iron altar of Okawaru.
  2165 | D:4      | Reached skill level 5 in Fighting
  2598 | D:4      | Reached XP level 6. HP: 56/56 MP: 5/5
  2677 | D:4      | Reached skill level 5 in Shields
  2703 | D:5      | Entered Level 5 of the Dungeon
  2716 | D:5      | Found Biceozxe's Armour Shoppe.
  2758 | D:5      | Found a sand-covered staircase.
  2780 | Ossuary  | Entered an ossuary
  2897 | Ossuary  | Reached XP level 7. HP: 48/62 MP: 6/6
  2906 | Ossuary  | Reached skill level 5 in Long Blades
  3215 | D:5      | Found a basalt altar of Yredelemnul.
  3322 | D:5      | Found a white marble altar of Elyvilon.
  3605 | D:5      | Reached XP level 8. HP: 63/71 MP: 7/7
  3615 | D:5      | Found a blossoming altar of Fedhas.
  4405 | D:6      | Noticed Prince Ribbit
  4436 | D:6      | Killed Prince Ribbit
  4677 | D:6      | Found a staircase to the Ecumenical Temple.
  4733 | Temple   | Entered the Ecumenical Temple
  5453 | D:6      | Noticed an angel
  5454 | D:6      | Found a glowing silver altar of Zin.
  5490 | D:6      | Reached XP level 9. HP: 59/80 MP: 8/8
  5943 | D:7      | Noticed a hill giant
  5952 | D:7      | Killed a hill giant
  5979 | D:7      | Noticed Joseph
  6003 | D:7      | Killed Joseph
  6901 | D:8      | Found a sparkling altar of Nemelex Xobeh.
  6908 | D:8      | Became a worshipper of Nemelex Xobeh the Trickster
  6928 | D:8      | Reached XP level 10. HP: 72/91 MP: 9/9
  6933 | D:8      | Reached skill level 1 in Invocations
  6978 | D:8      | Found a staircase to the Lair.
  7006 | D:8      | Received a gift from Nemelex Xobeh
  7026 | D:8      | Reached skill level 10 in Shields
  7364 | D:8      | Noticed a centaur warrior
  7383 | D:8      | Killed a centaur warrior
  7383 | D:8      | Reached skill level 10 in Fighting
  7383 | D:8      | Reached skill level 10 in Armour
  7395 | D:8      | Got a bloodstained ring mail
  7591 | D:8      | Got a shimmering ring mail
  7765 | D:8      | Got a bone broad axe
  8187 | D:8      | Noticed a manticore
  8200 | D:8      | Killed a manticore
  8200 | D:8      | Reached skill level 10 in Long Blades
  8211 | D:8      | Got a faintly glowing leather armour
  8605 | D:9      | Reached * piety under Nemelex Xobeh
  8615 | D:9      | Reached XP level 11. HP: 90/101 MP: 12/12
  8830 | D:9      | Identified the +5 ring mail of the Republic {rF++} (You found it on level 8 of the Dungeon)
  9070 | D:9      | Reached skill level 1 in Evocations
  9368 | D:10     | Entered Level 10 of the Dungeon
  9866 | D:10     | Gained mutation: Scrolls take you a little longer to read. [mutagenic meat]
  9867 | D:10     | Gained mutation: Your spells are a little harder to cast, but a little more powerful. [mutagenic meat]
  9875 | D:10     | Noticed a hill giant
  9889 | D:10     | Killed a hill giant
  9903 | D:10     | Gained mutation: You have a beak for a mouth. [mutagenic meat]
  9904 | D:10     | Gained mutation: You are weak. (Str -2) [mutagenic meat]
  9905 | D:10     | Gained mutation: You possess an exceptional clarity of mind. [mutagenic meat]
  9906 | D:10     | Gained mutation: You have a pair of large horns on your head. [mutagenic meat]
  9914 | D:10     | Received a gift from Nemelex Xobeh
 10110 | D:10     | Reached ** piety under Nemelex Xobeh
 10536 | D:11     | Noticed a vault guard
 10556 | D:11     | Killed a vault guard
 10562 | D:11     | Found a portal to a secret trove of treasure.
 10612 | D:11     | Noticed a green ugly thing
 10622 | D:11     | Killed a green ugly thing
 10630 | D:11     | Found a frozen archway.
 10711 | IceCv    | Entered an ice cave
 10752 | IceCv    | Reached XP level 12. HP: 25/110 MP: 14/14
 11428 | IceCv    | Noticed a white draconian
 11454 | IceCv    | Gained mutation: Your system is resistant to poisons. (rPois) [potion of beneficial mutation]
 11461 | IceCv    | HP: 8/166 [yak (1)]
 11462 | IceCv    | Killed from afar by a white draconian

Skill      XL: |  1  2  3  4  5  6  7  8  9 10 11 12 |
---------------+-------------------------------------+-----
Armour         | 4 5 6 8 9 10 11 | 11.7
Fighting       | 4 5 6 7 9 10 11 | 11.7
Shields        | 4 5 6 8 9 10 11 | 11.8
Long Blades    | 3 4 5 7 8 10 11 | 11.3
Invocations    | 3 4 |  4.0
Evocations     | 3 4 |  4.1

Action                   |  1- 3 |  4- 6 |  7- 9 | 10-12 || total
-------------------------+-------+-------+-------+-------++-------
Melee: Long sword        |    79 |   209 |   407 |    72 ||   767
       Headbutt          |    10 |    42 |    94 |   119 ||   265
       Scimitar          |       |       |       |   493 ||   493
       Peck              |       |       |       |    45 ||    45
Evoke: Deck              |       |       |       |     8 ||     8
       Sack of spiders   |       |       |       |     4 ||     4
       Lamp of fire      |       |       |       |     1 ||     1
  Use: Scroll            |     3 |     2 |     8 |     7 ||    20
       Potion            |       |       |     2 |    19 ||    21
 Stab: Invisible         |       |       |       |     4 ||     4
       Held in net/web   |       |       |       |     1 ||     1
  Eat: Chunk             |       |     5 |    13 |    22 ||    40
       Beef jerky        |       |       |     2 |       ||     2
       Pizza             |       |       |     1 |       ||     1
Armor: Scale mail        |    32 |    99 |   181 |    75 ||   387
       Ring mail         |       |       |       |   183 ||   183
       Skin              |       |       |       |    60 ||    60
Dodge: Dodged            |    29 |    70 |   143 |   210 ||   452
Block: Shield            |    49 |   103 |   257 |   383 ||   792
       Rpst.: Long sword |     5 |    26 |    44 |     5 ||    80
       Scimitar          |       |       |       |    49 ||    49
